 Dungeon Crawl Stone Soup version 0.27.1-2-g3b301248ec (webtiles) character file.

Game seed: 12768545605891050814

254 Waffleater7 the Chopper (level 6, -1/47 HPs)
             Began as a Human Wanderer on Sept 30, 2021.
             Slain by a gnoll (2 damage)
             ... on level 5 of the Dungeon.
             The game lasted 00:10:06 (3644 turns).

Waffleater7 the Chopper (Human Wanderer)            Turns: 3644, Time: 00:10:07

Health: -1/47      AC:  8    Str: 22    XL:     6   Next: 38%
Magic:  6/6        EV: 10    Int: 14    God:
Gold:   165        SH:  0    Dex:  9    Spells: 5/5 levels left

rFire    + . .     SeeInvis .   k - +0 war axe
rCold    . . .     Faith    .   (no shield)
rNeg     . . .     Spirit   .   b - +2 scale mail
rPois    .         Reflect  .   (no helmet)
rElec    .         Harm     .   (no cloak)
rCorr    .         Rampage  .   (no gloves)
Will     .....                  (no boots)
Stlth    +.........             q - amulet of magic regeneration
HPRegen  0.15/turn              h - ring of protection from fire
MPRegen  0.35/turn              m - +6 ring of strength

@: no status effects
A: no striking features
a: no special abilities


You were on level 5 of the Dungeon.
You visited 1 branch of the dungeon, and saw 5 of its levels.

You collected 165 gold pieces.

Inventory:

Hand Weapons
 a - a +0 hand crossbow
 e - a +0 dagger
 i - a +0 short sword
 k - a +0 war axe (weapon)
 l - a +3 spectral club
Missiles
 c - 27 bolts
 f - 58 arrows
 j - 122 stones (quivered)
Armour
 b - a +2 scale mail (worn)
 o - a +0 barding
Jewellery
 d - an amulet of regeneration
 h - a ring of protection from fire (left hand)
 m - a +6 ring of strength (right hand)
 n - a ring of protection from fire
 q - an amulet of magic regeneration (around neck)
Wands
 g - a wand of iceblast (4)


   Skills:
 * Level 3.3 Fighting
 * Level 4.1 Axes
 * Level 3.6 Armour
 + Level 0.5 Dodging
 + Level 3.4 Stealth
 + Level 1.0 Evocations


You had 5 spell levels left.
You didn't know any spells.
Your spell library contained the following spells:

 Spells                   Type           Power      Damage    Failure   Level
 Sting                    Tmut/Pois      0%         1d3       58%         1
 Poisonous Vapours        Pois/Air       0%         N/A       73%         2
 Olgreb's Toxic Radiance  Pois           0%         N/A       100%        4


Dungeon Overview and Level Annotations

Branches:
Dungeon (6/15)
 Temple: D:4-7

Altars:


Message History

You see here an iguana corpse.
Cleave: k) +0 war axe
Press: ? - help, Dir - move target, f - you
Okay, then.
A gnoll comes into view. It is wielding a +0 flail.
The gnoll shouts!
You hear a shout!
It was a potion of haste.
You feel yourself speed up.
A gnoll comes into view. It is wielding a +0 spear.
A shadow imp comes into view.
The shadow imp shouts, "Scamper home, thou pribbling tickle-brained crab-lanthorn!"
A gnoll comes into view. It is wielding a +0 club.
Found a twisted pearl amulet.
Found a quarterstaff.
You see here an amulet of regeneration.
d - an amulet of regeneration Cleave: k) +0 war axe
Press: ? - help, Dir - move target, f - you
Okay, then.
The gnoll hits you but does no damage.
The gnoll shouts!
The gnoll closely misses you.
You see here a +0 quarterstaff.
The shadow imp hits you but does no damage.
The gnoll misses you.
The gnoll hits you from afar with a +0 spear.
* * * LOW HITPOINT WARNING * * *
The gnoll hits you with a +0 club.
* * * LOW HITPOINT WARNING * * *
Your extra speed is starting to run out.
You feel yourself slow down.
You barely miss the gnoll.
The gnoll hits you from afar with a +0 spear.
* * * LOW HITPOINT WARNING * * *
The gnoll closely misses you.
The gnoll hits you from afar with a +0 spear.
* * * LOW HITPOINT WARNING * * *
The gnoll hits you with a +0 club.
* * * LOW HITPOINT WARNING * * *
The gnoll hits you from afar with a +0 spear.
You die...

##.........w#
###.......## ##......#
####...# ##w###
########## ##....#
#........###..#.....#
#.............#####...
#...5@..!.....# ##
#...g.........#
#######...ggw.......#
#...................#
#######.........#...#
#.......!$#...#
#......#..#.w.#
#.....##..#...#
##..#####..#..#


You could see 3 gnolls, a shadow imp and a dart slug.

Vanquished Creatures
  A centaur zombie (D:6)
  2 hounds (D:5)
  Ijyb (D:3)
  2 iguanas (D:5)
  A gnoll (D:1)
  2 adders
  An orc (D:3)
  2 bats
  2 endoplasms (D:3)
  A giant cockroach (D:1)
  8 goblins
  12 hobgoblins
  3 jackals (D:2)
  2 kobolds (D:1)
  2 quokkas
  3 ball pythons
  2 frilled lizards
  4 rats
51 creatures vanquished.

Vanquished Creatures (others)
  38 plants (D:5)
38 creatures vanquished.

Grand Total: 89 creatures vanquished

Notes
Turn   | Place    | Note
-------+----------+-------------------------------------------
     0 | D:1      | Waffleater7 the Human Wanderer began the quest for the Orb.
     0 | D:1      | Waffleater7 set off with the following items: a +0 hand
                  | crossbow, a +2 scale mail, 27 bolts, a potion of
                  | lignification, a +0 dagger
     0 | D:1      | Reached XP level 1. HP: 16/16 MP: 1/1
   259 | D:1      | Reached XP level 2. HP: 22/22 MP: 2/2
   443 | D:1      | Reached XP level 3. HP: 27/27 MP: 3/3
  1651 | D:2      | Reached XP level 4. HP: 19/34 MP: 4/4
  1933 | D:2      | Reached skill level 3 in Axes
  2473 | D:3      | Noticed Ijyb
  2663 | D:3      | Killed Ijyb
  3056 | D:3      | Found a faded altar of an unknown god.
  3086 | D:3      | Reached XP level 5. HP: 38/39 MP: 5/5
  3106 | D:3      | You fall into a shaft and drop 3 floors!
  3106 | D:6      | Noticed an ice beast
  3148 | D:5      | Entered Level 5 of the Dungeon
  3317 | D:5      | Reached XP level 6. HP: 21/47 MP: 6/6
  3581 | D:5      | Reached skill level 4 in Axes
  3643 | D:5      | HP: 1/47 [gnoll (2)]
  3644 | D:5      | Slain by a gnoll

Illustrated notes

Levels and vault maps discovered:
D:1:      nicolae_arrival_memento_mori, layout_loops_ring,
          hangedman_decor_clover_reticule
D:2:      cheibrodos_greedy_goblins, layout_basic
D:3:      layout_basic, hellmonk_ecumenical_altar_heavens_door, uniq_ijyb
D:5:      layout_cave_pods, trog_butcher_becter, grunt_dithmenos_shadows,
          mainiacjoe_overflow_catch_the_wave
D:6:      layout_basic, serial_shops, nicolae_shop_crystal,
          kennysheep_mini_moat, minmay_ruffians

Skill      XL: |  1  2  3  4  5  6 |
---------------+-------------------+-----
Axes           | 3 4 |  4.1
Armour         | 3 |  3.6
Fighting       | 3 |  3.3
Dodging        | |  0.5
Stealth        | |  3.4
Evocations     | |  1.0

Action                   |  1- 3 |  4- 6 || total
-------------------------+-------+-------++-------
Melee: War axe           |    66 |   147 ||   213
 Fire: Hand crossbow     |     5 |       ||     5
  Use: Scroll            |     5 |     1 ||     6
       Potion            |     1 |     5 ||     6
Armor: Scale mail        |    50 |    72 ||   122
       Skin              |       |    24 ||    24
Dodge: Dodged            |    34 |    69 ||   103
